 Dungeon Crawl Stone Soup version 0.29.1-15-g9cfb28693d (webtiles) character file.

Game seed: 16319357427121897587

662639 OrthodoxDeviant the Champion of Chaos (level 27, -5/254 HPs)
             Began as a Ghoul Gladiator on Apr 23, 2023.
             Was the Champion of Makhleb.
             Killed from afar by a starcursed mass (8 damage)
             ... with an accursed screaming
             ... on level 7 of the Abyss on Apr 26, 2023.
             The game lasted 04:29:46 (82668 turns).

OrthodoxDeviant the Champion of Chaos (GhGl)       Turns: 82668, Time: 04:29:47

Health: -5/254     AC: 61    Str: 25 (33) XL:     27
Magic:  13/37      EV:  7    Int:  1 (10) God:    Makhleb [******]
Gold:   3880       SH: 16    Dex:  2 (10) Spells: 26/26 levels left

rFire   + + +      SeeInvis +   r - +9 demon trident (vamp)
rCold   + + +      Faith    .   V - +0 kite shield {AC+3}
rNeg    + + +      Spirit   .   H - +8 orange crystal plate armour {Archmagi, Int+3 Clar}
rPois   ∞          Reflect  +   n - +2 helmet "Saor Susozi" {rF++ rCorr Str+3 Int-3}
rElec   +          Harm     .   b - +2 cloak of Davuatus {rF++ Str+2 Int+3}
rCorr   +          Rampage  .   S - +1 pair of gloves "Oleaf" {rF+}
Will    ++++.      Archmagi +   j - +3 pair of mountain boots {steadfast, rC+}
Stlth   .......... Clarity  +   s - amulet of Psychosis {Reflect rElec rC+ SH+5 SInv}
HPRegen 0.00/turn               I - ring of Foolhardiness {Wiz rPois Will++}
MPRegen 0.25/turn               Y - ring of the Tortoise {AC+8}

@: inhibited regen, hasted (expiring), studying Necromancy, very quick
A: claws 1, cold resistance 1, negative energy resistance 3, inhibited
regeneration, torment resistance 2, devour on kill
}: 4/15 runes: serpentine, barnacled, slimy, silver
a: Renounce Religion, Minor Destruction, Lesser Servant of Makhleb, Major
Destruction, Greater Servant of Makhleb


You were on level 7 of the Abyss.
You worshipped Makhleb.
Makhleb was exalted by your worship.
You visited 12 branches of the dungeon, and saw 56 of its levels.
You visited the Abyss 2 times.
You also visited: Gauntlet, Ice Cave, Volcano and Wizlab.

You collected 9453 gold pieces.
You spent 5573 gold pieces at shops.

Inventory:

Hand Weapons
 r - a +9 vampiric demon trident (weapon)
 G - the +18 lance "Wyrmbane" {slay drac, rPois rF+ rC+ AC+3}
   (You found it on level 2 of the Depths)

   It inflicts extra damage against dragons and draconians.
   AC:        It affects your AC (+3).
   rF:        It protects you from fire.
   rC:        It protects you from cold.
   rPois:     It protects you from poison.
 K - the +10 glaive of Exhibitionism {vorpal, Str+2}
   (You found it on level 3 of the Crypt)

   It inflicts extra damage upon your enemies.
   Str:       It affects your strength (+2).
 R - a +4 antimagic spear
Missiles
 d - 12 silver javelins (quivered)
 E - 6 throwing nets
 Q - 12 silver boomerangs
Armour
 a - the +0 pair of boots of the Crypt {rElec rCorr Int+5 Stlth-}
   (You found it on level 5 of the Pits of Slime)

   Int:       It affects your intelligence (+5).
   rElec:     It insulates you from electricity.
   rCorr:     It protects you from acid and corrosion.
   Stlth:     It makes you less stealthy.
 b - the +2 cloak of Davuatus (worn) {rF++ Str+2 Int+3}
   (Okawaru gifted it to you on level 3 of the Abyss)

   Str:       It affects your strength (+2).
   Int:       It affects your intelligence (+3).
   rF:        It greatly protects you from fire.
 f - the +0 pair of gloves of the Saviour {rF- rC+ rCorr Int+4}
   (You found it on level 2 of the Elven Halls)

   Int:       It affects your intelligence (+4).
   rF:        It makes you vulnerable to fire.
   rC:        It protects you from cold.
   rCorr:     It protects you from acid and corrosion.
 j - the +3 pair of mountain boots (worn) {steadfast, rC+}
   (You bought it in a shop on level 2 of the Orcish Mines)

   It prevents involuntary movement, except for blinking, teleportation, or
   banishment.
   rC:        It protects you from cold.
 n - the +2 helmet "Saor Susozi" (worn) {rF++ rCorr Str+3 Int-3}
   (You acquired it on level 1 of the Depths)

   Str:       It affects your strength (+3).
   Int:       It affects your intelligence (-3).
   rF:        It greatly protects you from fire.
   rCorr:     It protects you from acid and corrosion.
 o - the -2 hat of the Alchemist {rElec rPois rF+ rC+ rN+ Will+ rMut rCorr}
   (You bought it in a shop on level 2 of the Depths)

   rF:        It protects you from fire.
   rC:        It protects you from cold.
   rElec:     It insulates you from electricity.
   rPois:     It protects you from poison.
   rN:        It protects you from negative energy.
   rCorr:     It protects you from acid and corrosion.
   rMut:      It protects you from mutation.
   Will:      It increases your willpower.
 B - a +2 tower shield of cold resistance
 H - the +8 orange crystal plate armour (worn) {Archmagi, Int+3 Clar}
   (You found it on level 8 of the Dungeon)

   Int:       It affects your intelligence (+3).
   Clar:      It protects you against confusion.
 J - +0 gold dragon scales
 S - the +1 pair of gloves "Oleaf" (worn) {rF+}
   (You found it in a wizard's laboratory)

   rF:        It protects you from fire.
 T - the +2 pair of boots of Kleptomania {rF+ rC- Str+2}
   (Okawaru gifted it to you on level 12 of the Dungeon)

   Str:       It affects your strength (+2).
   rF:        It protects you from fire.
   rC:        It makes you vulnerable to cold.
 V - a +0 kite shield of protection (worn)
Jewellery
 h - the ring "Uwnuch Siysi" {Ice +Blink rElec rPois Str-3}
   (You took it off Josephina on level 1 of the Crypt)

   [ring of ice]

   It enhances your ice magic.
   Str:       It affects your strength (-3).
   rF:        It makes you vulnerable to fire.
   rC:        It protects you from cold.
   rElec:     It insulates you from electricity.
   rPois:     It protects you from poison.
   +Blink:    It lets you blink.
 k - the ring "Difyrhet" {Fly rPois rN+ Str+4 Dex+6}
   (You bought it in a shop on level 1 of the Shoals)

   [ring of dexterity]

   Str:       It affects your strength (+4).
   Dex:       It affects your dexterity (+6).
   rPois:     It protects you from poison.
   rN:        It protects you from negative energy.
   Fly:       It grants you flight.
 s - the amulet of Psychosis (around neck) {Reflect rElec rC+ SH+5 SInv}
   (You took it off a deep elf death mage on level 3 of the Elven Halls)

   [amulet of reflection]

   It reflects blocked missile attacks.
   rC:        It protects you from cold.
   rElec:     It insulates you from electricity.
   SInv:      It lets you see invisible.
   SH:        It affects your SH (+5).
 I - the ring of Foolhardiness (left hand) {Wiz rPois Will++}
   (You bought it in a shop on level 3 of the Elven Halls)

   [ring of wizardry]

   It improves your spell success rate.
   rPois:     It protects you from poison.
   Will:      It greatly increases your willpower.
 L - the ring of Lenk {+Blink rF+ SInv}
   (You took it off a vault guard on level 5 of the Vaults)

   [ring of protection from fire]

   rF:        It protects you from fire.
   SInv:      It lets you see invisible.
   +Blink:    It lets you blink.
 Y - the ring of the Tortoise (right hand) {AC+8}
   (You found it on level 2 of the Shoals)

   [ring of protection]

   AC:        It affects your AC (+8).
Wands
 e - a wand of digging (15)
 P - a wand of acid (34)
Scrolls
 g - 12 scrolls of enchant armour
 l - 18 scrolls of teleportation
 q - 4 scrolls of magic mapping
 v - 4 scrolls of brand weapon
 y - 4 scrolls of torment
 A - 4 scrolls of enchant weapon
 F - a scroll of butterflies
 M - 4 scrolls of fear
 O - 6 scrolls of summoning
 W - 2 scrolls of silence
 X - 21 scrolls of identify
Potions
 c - 6 potions of invisibility
 m - 10 potions of might
 p - 6 potions of resistance
 t - 23 potions of curing
 u - 12 potions of cancellation
 N - a potion of haste


   Skills:
 - Level 22.0 Fighting
 - Level 11.8(18.3) Axes
 - Level 22.2(23.1) Polearms
 - Level 1.7 Throwing
 - Level 20.0 Armour
 - Level 20.8 Dodging
 - Level 16.9 Shields
 + Level 22.4 Invocations


You had 26 spell levels left.
You didn't know any spells.
Your spell library contained the following spells:

 Spells                   Type           Power      Damage    Failure   Level
 Apportation              Tloc           0%         N/A       99%         1
 Foxfire                  Conj/Fire      0%         2x1d4     99%         1
 Necrotise                Necr           0%         1d4       99%         1
 Slow                     Hex            0%         N/A       99%         1
 Sting                    Tmut/Pois      0%         1d3       99%         1
 Summon Small Mammal      Summ           0%         N/A       99%         1
 Blink                    Tloc           0%         N/A       100%        2
 Scorch                   Fire           0%         2d5       100%        2
 Static Discharge         Conj/Air       0%         3-3/arc   100%        2
 Call Canine Familiar     Summ           0%         N/A       100%        3
 Confusing Touch          Hex            0%         N/A       100%        3
 Conjure Flame            Conj/Fire      0%         6-21      100%        3
 Frozen Ramparts          Ice            0%         1d1       100%        3
 Gell's Gravitas          Tloc           0%         N/A       100%        3
 Ignite Poison            Fire/Tmut/Pois 0%         N/A       100%        3
 Inner Flame              Hex/Fire       0%         N/A       100%        3
 Lesser Beckoning         Tloc           0%         N/A       100%        3
 Mephitic Cloud           Conj/Pois/Air  0%         N/A       100%        3
 Portal Projectile        Hex/Tloc       0%         N/A       100%        3
 Stone Arrow              Conj/Erth      0%         3d7       100%        3
 Teleport Other           Tloc           0%         N/A       100%        3
 Vampiric Draining        Necr           0%         2d6       100%        3
 Anguish                  Hex/Necr       0%         N/A       100%        4
 Animate Armour           Summ/Erth      0%         N/A       100%        4
 Animate Dead             Necr           0%         N/A       100%        4
 Cause Fear               Hex            0%         N/A       100%        4
 Corpse Rot               Necr/Pois/Air  0%         N/A       100%        4
 Dispel Undead            Necr           0%         3d6       100%        4
 Flame Wave               Conj/Fire      0%         2d4       100%        4
 Fulminant Prism          Conj/Hex       0%         3d6       100%        4
 Iskenderun's Mystic Bla  Conj/Tloc      0%         2d3       100%        4
 Leda's Liquefaction      Hex/Erth       0%         N/A       100%        4
 Petrify                  Tmut/Erth      0%         N/A       100%        4
 Sticky Flame             Conj/Fire      0%         2d3       100%        4
 Summon Ice Beast         Ice/Summ       0%         N/A       100%        4
 Summon Lightning Spire   Summ/Air       0%         N/A       100%        4
 Agony                    Necr           0%         N/A       100%        5
 Alistair's Intoxication  Tmut/Pois      0%         N/A       100%        5
 Freezing Cloud           Conj/Ice/Air   0%         6-21      100%        5
 Irradiate                Conj/Tmut      0%         3d11      100%        5
 Iskenderun's Battlesphe  Conj           0%         2d6       100%        5
 Lee's Rapid Deconstruct  Erth           0%         3d5*      100%        5
 Lightning Bolt           Conj/Air       0%         1d11      100%        5
 Manifold Assault         Tloc           0%         N/A       100%        5
 Metabolic Englaciation   Hex/Ice        0%         N/A       100%        5
 Summon Mana Viper        Hex/Summ       0%         N/A       100%        5
 Yara's Violent Unravell  Hex/Tmut       0%         3d3       100%        5
 Conjure Ball Lightning   Conj/Air       0%         3x3d6     100%        6
 Death Channel            Necr           0%         N/A       100%        6
 Dispersal                Tloc           0%         N/A       100%        6
 Iron Shot                Conj/Erth      0%         9d1       100%        6
 Simulacrum               Ice/Necr       0%         N/A       100%        6
 Summon Cactus Giant      Summ           0%         N/A       100%        6
 Enfeeble                 Hex            0%         N/A       100%        7
 Haunt                    Necr/Summ      0%         N/A       100%        7
 Malign Gateway           Summ/Tloc      0%         N/A       100%        7
 Orb of Destruction       Conj           0%         9d5       100%        7
 Spellforged Servitor     Conj/Summ      0%         N/A       100%        7
 Discord                  Hex            0%         N/A       100%        8
 Disjunction              Tloc           0%         N/A       100%        8
 Infestation              Necr           0%         N/A       100%        8
 Lehudib's Crystal Spear  Conj/Erth      0%         10d2      100%        8
 Maxwell's Capacitive Co  Air            0%         ∞         100%        8
 Summon Horrible Things   Summ           0%         N/A       100%        8
 Chain Lightning          Conj/Air       0%         N/A       100%        9
 Fire Storm               Conj/Fire      0%         5d1       100%        9
 Polar Vortex             Ice            0%         N/A       100%        9
 Shatter                  Erth           0%         3d5*      100%        9
 Sublimation of Blood     Necr           Unusable   N/A       N/A         2
 Ice Form                 Ice/Tmut       Unusable   N/A       N/A         4
 Statue Form              Tmut/Erth      Unusable   N/A       N/A         6
 Storm Form               Tmut/Air       Unusable   N/A       N/A         7
 Borgnjor's Revivificati  Necr           Unusable   N/A       N/A         8
 Death's Door             Necr           Unusable   N/A       N/A         9

Dungeon Overview and Level Annotations

Branches:
Dungeon (15/15)            Temple (1/1) D:4            Lair (5/5) D:10
 Shoals (4/4) Lair:2        Snake (4/4) Lair:3        Slime (5/5) Lair:5
    Orc (2/2) D:12            Elf (3/3) Orc:2        Vaults (5/5) D:13
  Crypt (3/3) Vaults:2       Tomb (0/3) Crypt:3      Depths (4/4) D:15
    Zot (5/5) Depths:4      IceCv (visited)         Volcano (visited)
 WizLab (visited)         Gauntlet (visited)

Altars:
Ashenzari
Cheibriados
Dithmenos
Fedhas
Gozag
Hepliaklqana
Kikubaaqudgha
Makhleb
Nemelex Xobeh
Okawaru
Qazlal
Ru
Sif Muna
Trog
Uskayaw
Vehumet
Wu Jian
Xom
Yredelemnul
Jiyva
Lugonu

Shops:
D:8 [   D:11 (   D:12 [   Orc:1 *   Orc:2 :(*[   Elf:3 [=(:   Shoals:1 =
Snake:2 [   Snake:3 ***   Vaults:2 =   Vaults:5 !   Depths:2 [   Depths:3 *

Portals:
Hell: Depths:1 Depths:2 Depths:3 Depths:4
Abyss: Depths:2 Depths:3 Depths:4
Pandemonium: Depths:2
Ziggurat: Depths:3

Annotations:
Zot:3 3 runed translucent doors, Uneer's ghost, legendary GnFE
Zot:4 2 transporters


Innate Abilities, Weirdness & Mutations

You are immune to poison.
You have sharp fingernails.
Your flesh is cold resistant. (rC+)
You are immune to negative energy. (rN+++)
You do not regenerate when monsters are visible.
You are immune to unholy pain and torment.
You thrive by killing the living.


Message History

Your extra speed is starting to run out.
The lich touches you but does no damage.
Unknown command.
You impale the bone dragon!!
The bone dragon convulses!!!
The bone dragon is severely damaged.
The lich touches you but does no damage.
Unknown command.
You barely miss the bone dragon.
The bone dragon is severely damaged.
The bone dragon completely misses you. The bone dragon claws you.
* * * LOW HITPOINT WARNING * * *
You block the bone dragon's attack.
Unknown command.
You puncture the bone dragon!
The bone dragon convulses.
The bone dragon is almost destroyed.
You block the lich's attack. The smoke demon gestures at you.
Something smites you!
* * * LOW HITPOINT WARNING * * *
You block the purple ugly thing's attack.
You impale the bone dragon!!
The bone dragon convulses!
You destroy the bone dragon!
Makhleb accepts your kill.
You feel better.
Unknown command.
You feel a sense of dread.
r - a +9 vampiric demon trident (weapon)
The lich touches you but does no damage.
A wretched star comes into view.
You impale the purple ugly thing!!
The purple ugly thing is moderately wounded.
The purple ugly thing punches you but does no damage.
The lich conjures an orb of pure magic.
The wavering orb of destruction weakly hits you!!
* * * LOW HITPOINT WARNING * * *
Unknown command.
You stick the purple ugly thing like a pincushion!!!
The purple ugly thing is almost dead.
The starcursed mass shrieks in your mind.
You die...

.3.... . .
.. .#.
......
##.##.....
.#.#.... ##
..#.#3..##.#
#...*##.#.#
#.uLX##
##@### #
..###.#
.X.#.#. #.#
# .# 3# . .
#.# # .. §
...


You could see a starcursed mass, a lich (fast, invisible), a wretched star, a
purple ugly thing and a smoke demon.

Vanquished Creatures
  Dissolution (Slime:2)
  the Royal Jelly (Slime:5)
  3 dread liches
  2 ancient liches
  Mara (Depths:2)
  3 juggernauts
  Josephina (Crypt:1)
  Frederick (Arena)
  Saint Roka (Vaults:4)
  Xtahua (Vaults:4)
  Bai Suzhen (Depths:1)
  2 curse toes
  Vashnia (Snake:3)
  12 golden dragons
  A profane servitor (Abyss:6)
  7 bone dragons
  4 electric golems
  2 Tzitzimimeh (Depths:1)
  2 doom hounds
  Jorgrun (Shoals:1)
  A hellephant (Depths:3)
  7 Orb Guardians (Zot:5)
  A moon troll (Arena)
  19 tentacled monstrosities
  Grunn (Depths:1)
  Mlioglotl (Shoals:1)
  5 liches
  A walking earthen tome (Abyss:6)
  Asterion (Elf:2)
  A shard shrike skeleton (Crypt:1)
  7 titans
  4 quicksilver dragons
  8 ancient champions
  19 acid blobs
  10 deep elf blademasters
  23 tentacled starspawn
  An Executioner (Abyss:6)
  The ghost of AtomicRavioli the Warrior, an adept OgFi of Makhleb (Shoals:3)
  10 death cobs
  Polyphemus (Shoals:3)
  2 krakens (Shoals:4)
  4 deep elf master archers
  6 shadow dragons
  8 sphinxes
  Kirke (D:12)
  Agnes (Elf:2)
  6 tengu reavers
  11 storm dragons
  5 draconian monks
  8 nagarajas
  3 revenants
  10 azure jellies
  Donald (Snake:3)
  The ghost of croobank the Unforgettable, an adept DsFE of Hepliaklqana (Elf:2)
  A fenstrider witch (shapeshifter) (Vaults:4)
  6 draconian knights
  7 rockslimes (Slime:5)
  18 fire giants
  Aizul (Shoals:2)
  7 deep elf sorcerers
  13 vault wardens
  7 cacodemons
  17 frost giants
  5 draconian scorchers
  2 orc warlords
  2 curse skulls
  The ghost of Teryn the Unweaver, a journeyman DsAK of Lugonu (Shoals:2)
  The ghost of Qoasy the Carver, a journeyman DsGl of Makhleb (D:15)
  A ghost moth (Zot:3)
  An angel (Abyss:5)
  6 draconian shifters
  A draconian annihilator (Zot:3)
  A draconian stormcaller (Abyss:6)
  A spriggan defender (Depths:3)
  48 very ugly things
  20 ironbound preservers
  26 stone giants
  3 ghouls (Crypt:3)
  A deep elf elementalist (Elf:3)
  The ghost of croobank the Brawler, a journeyman TrFi of Wu Jian (Lair:3)
  10 quicksilver oozes
  A reaper (Depths:2)
  A caustic shrike skeleton (Depths:1)
  3 war gargoyles
  7 vampire knights
  11 purple draconians
  A putrid mouth (Depths:1)
  3 entropy weavers
  A minotaur (Gauntlet)
  9 deep elf annihilators
  7 deep elf demonologists
  17 red draconians
  16 white draconians
  7 yellow draconians
  6 ironbound thunderhulks
  8 black draconians
  31 dire elephants
  11 green draconians
  The ghost of Wopp the Geomancer, a journeyman GrEE of Ashenzari (D:14)
  Azrael (Elf:2)
  11 merfolk impalers
  2 mummy priests (Crypt:3)
  3 blizzard demons
  8 eidola
  12 deep elf death magi
  10 jiangshi
  3 merfolk javelineers
  The ghost of adizb the Disciple of Destruction, a journeyman TrFi of Makhleb (Lair:1)
  12 deep elf high priests
  A fire dragon (Depths:1)
  23 ettins
  21 yaktaur captains
  8 hydras
  10 great orbs of eyes
  7 ice dragons
  2 fenstrider witch zombies
  5 rakshasas
  30 vault guards
  A peacekeeper (Vaults:2)
  3 salamander tyrants (Snake:4)
  A hell beast (Crypt:2)
  2 spriggan air magi
  4 boulder beetles
  An ogre mage (Vaults:5)
  5 anacondas
  A satyr (shapeshifter) (D:15)
  5 merfolk avatars
  A caustic shrike simulacrum (Depths:1)
  2 alligator snapping turtles
  A juggernaut simulacrum (Crypt:1)
  20 centaur warriors
  7 catoblepae
  A two-headed ogre (shapeshifter) (Vaults:5)
  14 ironbound frosthearts
  A death knight (Crypt:1)
  A satyr (Shoals:2)
  2 merfolk aquamancers (Shoals:4)
  An Orb Guardian skeleton (Crypt:3)
  19 naga warriors
  10 two-headed ogres
  4 hell hogs
  7 deep troll earth magi
  19 death yaks
  5 deep troll shamans
  3 tengu warriors
  4 vampire magi
  A titan zombie (Depths:2)
  27 dancing weapons
  24 thrashing horrors
  4 orc high priests (Orc:2)
  4 spriggan berserkers
  21 naga sharpshooters
  2 hell knights
  19 deep elf knights
  4 skeletal warriors (Crypt:3)
  6 iron trolls
  3 shock serpents
  2 soul eaters
  2 salamander mystics (Snake:4)
  14 wretched stars
  6 shadow wraiths
  4 sixfirhies
  8 sea snakes
  2 deep trolls (shapeshifter)
  13 glowing orange brains
  2 spatial maelstroms (Abyss:5)
  A bunyip zombie (Crypt:2)
  3 naga ritualists
  80 deep trolls
  A shadow demon (Abyss:6)
  8 phantasmal warriors
  5 flayed ghosts
  19 deep elf archers
  3 orange crystal statues
  11 wizards
  A tengu zombie (Depths:1)
  A spriggan simulacrum (Crypt:1)
  16 ironbound convokers
  5 mana vipers
  25 harpies
  13 necromancers
  6 lindwurms
  9 orc knights
  33 deep elf zephyrmancers
  A shadow dragon zombie (Depths:1)
  3 harpies (shapeshifter)
  6 orc sorcerers
  23 deep elf pyromancers
  2 shining eyes
  A will-o-the-wisp (Abyss:5)
  A fire giant zombie (Crypt:2)
  2 worldbinders
  64 ugly things
  13 cyclopes
  19 fauns
  22 moths of wrath
  11 manticores
  7 salamanders
  A stone giant zombie (Depths:2)
  A fire giant skeleton (Crypt:1)
  A frost giant skeleton (Depths:1)
  5 merfolk sirens
  15 vault sentinels
  26 black mambas
  Joseph (D:7)
  2 stone giant skeletons (Depths:1)
  24 elephants
  An apocalypse crab (Abyss:5)
  An iron dragon skeleton (Depths:1)
  3 orange demons
  7 eyes of devastation
  3 rust devils
  7 water nymphs
  9 cane toads
  7 smoke demons
  3 torpor snails
  4 guardian serpents
  15 naga magi
  4 unseen horrors
  A yaktaur zombie (Vaults:2)
  3 kobold demonologists
  7 komodo dragons
  A hellion (Abyss:5)
  5 efreet
  A green draconian skeleton (Crypt:2)
  2 ice devils (Depths:2)
  4 spriggan zombies
  4 tengu conjurers
  7 freezing wraiths
  31 yaktaurs
  4 spriggan skeletons
  A yaktaur skeleton (Vaults:2)
  4 guardian mummies (Crypt:3)
  A human zombie (Vaults:2)
  26 rime drakes
  2 tormentors
  11 trolls
  39 merfolk
  7 ancient zymes
  4 red devils (Volcano)
  3 queen bees (shapeshifter)
  A harpy zombie (Crypt:3)
  A pale draconian skeleton (Crypt:3)
  7 hornets
  A hornet (shapeshifter) (D:14)
  21 polar bears
  An iron troll skeleton (Crypt:2)
  A polar bear (shapeshifter) (D:14)
  A harpy skeleton (Crypt:1)
  6 wind drakes
  A tarantella (shapeshifter) (Elf:2)
  A tengu simulacrum (Depths:1)
  16 dream sheep
  112 slime creatures
  33 raiju
  5 snapping turtles
  A stone giant simulacrum (Crypt:1)
  24 blink frogs
  2 jumping spiders (Vaults:4)
  2 elf skeletons
  42 starcursed masses
  A culicivora (shapeshifter) (Elf:1)
  An ettin skeleton (Crypt:1)
  3 ynoxinuls
  A centaur simulacrum (Crypt:1)
  10 spriggans
  6 shadows
  2 wyverns
  2 air elementals
  15 water elementals
  An ushabti (Crypt:3)
  A black mamba skeleton (Crypt:1)
  9 fire elementals
  A yak (shapeshifter) (Vaults:5)
  72 yaks
  A vampire (D:14)
  An alligator snapping turtle simulacrum (Crypt:3)
  7 basilisks
  A hog (shapeshifter) (Elf:2)
  4 hogs
  A fire bat (shapeshifter) (D:14)
  7 golden eyes
  8 wraiths
  5 fire bats
  A wyvern (shapeshifter) (Elf:2)
  A golden eye (shapeshifter) (Elf:2)
  8 humans (D:13)
  A basilisk (shapeshifter) (Abyss:4)
  10 neqoxecs
  A steam dragon (shapeshifter) (Elf:2)
  2 redbacks (Vaults:3)
  A glowing shapeshifter zombie (Vaults:2)
  3 chaos spawn
  9 steam dragons
  3 spatial vortices (Abyss:5)
  A harpy simulacrum (Crypt:1)
  6 wargs
  16 large abominations
  30 nagas
  2 hell hounds (Elf:2)
  17 water moccasins
  An acid dragon (D:11)
  A two-headed ogre skeleton (Crypt:2)
  37 orc warriors
  A floating eye zombie (Depths:1)
  The ghost of tmbigdog the Trooper, an amateur HOFi (D:3)
  11 ogres
  A black bear (Lair:3)
  A merfolk simulacrum (Crypt:1)
  2 ice beasts
  A boggart (D:15)
  A hog zombie (Crypt:2)
  11 wolves
  10 centaurs
  A dream sheep skeleton (Crypt:1)
  4 kobold brigands
  2 phantoms
  An elf zombie (Crypt:3)
  2 glowing shapeshifter simulacra (Depths:1)
  7 bullfrogs
  3 scorpions
  4 earth elementals
  2 naga simulacra
  A gnoll sergeant (D:10)
  2 cyclops zombies (Depths:2)
  4 necrophages
  7 small abominations
  A human skeleton (Vaults:2)
  A warg zombie (Crypt:1)
  14 wights
  6 killer bees (D:10)
  A raiju zombie (Crypt:1)
  A water moccasin skeleton (D:3)
  A swamp dragon simulacrum (Crypt:1)
  A raiju skeleton (Crypt:1)
  3 howler monkeys
  An electric eel (D:10)
  A troll skeleton (Crypt:2)
  A centaur zombie (D:4)
  A human simulacrum (Vaults:2)
  6 lava snakes (Volcano)
  2 jellies
  8 hounds
  A black bear zombie (Crypt:1)
  3 gnoll boudas
  24 orc priests
  2 centaur skeletons
  6 iron imps (Crypt:2)
  5 iguanas
  26 orc wizards
  An iguana (shapeshifter) (D:14)
  A scorpion zombie (D:4)
  A boggart skeleton (Crypt:2)
  An ice beast zombie (Crypt:1)
  An acid dragon skeleton (Crypt:3)
  A hound zombie (D:4)
  11 mummies (Crypt:3)
  A howler monkey zombie (D:3)
  16 gnolls
  6 adders
  A howler monkey skeleton (D:3)
  A steam dragon zombie (Crypt:2)
  A steam dragon skeleton (Crypt:3)
  2 shadow imps (Gauntlet)
  4 white imps
  3 ufetubi
  A lava snake skeleton (Crypt:3)
  4 worms
  8 dart slugs
  93 orcs
  5 bats
  A bat skeleton (Crypt:3)
  14 endoplasms
  5 hobgoblins
  6 jackals
  A jackal (shapeshifter) (Elf:2)
  4 quokkas
  10 ball pythons
  A ball python skeleton (Crypt:3)
  A frilled lizard (D:3)
  10 goblins
  A goblin skeleton (Crypt:1)
  A jackal zombie (D:4)
  25 kobolds
  6 rats
  24 starspawn tentacles
  10 tentacles (Shoals:4)
2861 creatures vanquished.

Vanquished Creatures (others)
  A fire giant (Crypt:3)
  2 draconian knights
  A deep elf elementalist (Elf:3)
  A merfolk javelineer (Depths:2)
  An ogre mage (Depths:2)
  A naga warrior (Snake:4)
  2 deep elf knights
  A deep elf pyromancer (Elf:1)
  2 deep elf zephyrmancers
  A black mamba (Snake:3)
  A naga mage (Snake:4)
  A ynoxinul (Abyss:6)
  A human (D:13)
  A large abomination (Abyss:5)
  An orc warrior (Vaults:5)
  3 small abominations
  An orc priest (Orc:2)
  A mummy (Crypt:3)
  A bush (Lair:4)
  9 demonic plants
  4 foxfires (Abyss:5)
  93 fungi
  189 plants
  44 starspawn tentacles
  6 tentacles (Shoals:4)
369 creatures vanquished.

Grand Total: 3230 creatures vanquished

Notes
Turn   | Place    | Note
-------+----------+-------------------------------------------
     0 | D:1      | OrthodoxDeviant the Ghoul Gladiator began the quest for the
                  | Orb.
     0 | D:1      | Reached XP level 1. HP: 17/17 MP: 0/0
   238 | D:1      | Reached XP level 2. HP: 22/25 MP: 1/1
   625 | D:1      | Reached XP level 3. HP: 31/31 MP: 2/2
  1449 | D:2      | Found a stormy altar of Qazlal.
  1579 | D:2      | Reached XP level 4. HP: 40/40 MP: 3/3
  1679 | D:2      | Found a faded altar of an unknown god.
  2315 | D:3      | Found a runed translucent gate.
  2315 | D:3      | Found a runed translucent gate.
  2315 | D:3      | Found a runed translucent gate.
  2316 | D:3      | Noticed tmbigdog's ghost (amateur HOFi)
  2358 | D:3      | Noticed a scorpion
  2488 | D:3      | Killed a scorpion
  2489 | D:3      | Reached XP level 5. HP: 23/47 MP: 4/4
  2661 | D:3      | Found a sacrificial altar of Ru.
  2784 | D:3      | Found an opulent altar of Gozag.
  3242 | D:4      | Found a staircase to the Ecumenical Temple.
  3263 | Temple   | Entered the Ecumenical Temple
  3535 | Temple   | Became a worshipper of Warmaster Okawaru
  3895 | D:4      | Reached XP level 6. HP: 55/55 MP: 5/5
  4056 | D:4      | Reached skill level 5 in Fighting
  4244 | D:4      | Found a basalt altar of Yredelemnul.
  4545 | D:5      | Entered Level 5 of the Dungeon
  4669 | D:5      | Reached skill level 5 in Axes
  4885 | D:5      | Found a blossoming altar of Fedhas.
  5086 | D:5      | Found a broken altar of Ashenzari.
  5088 | D:5      | Found a bloodstained altar of Trog.
  5132 | D:5      | Reached XP level 7. HP: 46/62 MP: 6/6
  5256 | D:5      | Reached * piety under Okawaru
  5395 | D:5      | Identified the +10 spear "Dodey" {drain, rF+}
  5663 | D:5      | Noticed a hornet
  5677 | D:5      | Killed a hornet
  5677 | D:5      | Reached ** piety under Okawaru
  5678 | D:5      | Reached skill level 1 in Polearms
  5678 | D:5      | Reached XP level 8. HP: 44/73 MP: 7/7
  6260 | D:5      | Reached *** piety under Okawaru
  6261 | D:5      | Reached XP level 9. HP: 81/81 MP: 8/8
  6613 | D:6      | Found a radiant altar of Vehumet.
  7646 | D:7      | Noticed Joseph
  7706 | D:7      | Reached skill level 1 in Invocations
  7943 | D:7      | Killed Joseph
  8228 | D:7      | Reached skill level 5 in Polearms
  8547 | D:7      | Reached **** piety under Okawaru
  8602 | D:8      | Found Bibluoti's Antique Armour Emporium.
  8758 | D:8      | Reached XP level 10. HP: 70/91 MP: 11/11
  8916 | D:8      | Reached skill level 10 in Fighting
  9253 | D:8      | Reached ***** piety under Okawaru
  9318 | D:8      | Found the +8 orange crystal plate armour {Archmagi, Int+3
                  | Clar}
  9721 | D:9      | Found an ancient bone altar of Kikubaaqudgha.
 10677 | D:10     | Entered Level 10 of the Dungeon
 10791 | D:10     | Reached XP level 11. HP: 101/101 MP: 13/13
 10992 | D:10     | Found a snail-covered altar of Cheibriados.
 11110 | D:10     | Noticed a boulder beetle
 11132 | D:10     | Received a gift from Okawaru
 11161 | D:10     | Killed a boulder beetle
 11340 | D:10     | You fall into a shaft and drop 1 floor!
 11477 | D:11     | Reached skill level 10 in Axes
 11533 | D:11     | Reached ****** piety under Okawaru
 11728 | D:10     | Identified the +2 pair of boots of Complete Protection
                  | {Harm rN+} (Okawaru gifted it to you on level 10 of the
                  | Dungeon)
 11728 | D:10     | Received a gift from Okawaru
 12001 | D:10     | Found a staircase to the Lair.
 12197 | D:10     | Noticed a two-headed ogre
 12207 | D:10     | Killed a two-headed ogre
 13066 | D:11     | Found Vouf's Weapon Shoppe.
 13635 | D:12     | Reached XP level 12. HP: 113/113 MP: 14/14
 13652 | D:12     | Noticed Kirke
 13787 | D:12     | Found a staircase to the Orcish Mines.
 13787 | D:12     | Found Janilouq's Armour Emporium.
 13878 | D:12     | Killed Kirke
 13878 | D:12     | Identified the +2 pair of boots of Kleptomania {rF+ rC-
                  | Str+2} (Okawaru gifted it to you on level 12 of the
                  | Dungeon)
 13878 | D:12     | Received a gift from Okawaru
 14150 | D:12     | Noticed a five-headed hydra
 14158 | D:12     | Killed a five-headed hydra
 15090 | D:13     | Reached skill level 10 in Polearms
 15609 | D:13     | Noticed a tengu warrior
 15625 | D:13     | Killed a tengu warrior
 15646 | D:13     | Identified the +9 trident of Success {holy, Contam rElec
                  | Will+ rCorr}
 15713 | D:13     | Reached skill level 1 in Armour
 15713 | D:13     | Reached skill level 1 in Shields
 15725 | D:13     | Reached XP level 13. HP: 74/123 MP: 15/15
 16028 | D:13     | Identified the +5 broad axe "Rageany" {venom, Dex+3}
                  | (Okawaru gifted it to you on level 13 of the Dungeon)
 16028 | D:13     | Received a gift from Okawaru
 16086 | D:13     | Noticed a vault guard
 16124 | D:13     | Killed a vault guard
 16157 | D:13     | Noticed a vault guard
 16157 | D:13     | Noticed a vault guard
 16183 | D:13     | Killed a vault guard
 16191 | D:13     | Killed a vault guard
 16282 | D:13     | Found a gate to the Vaults.
 16752 | D:14     | Reached skill level 5 in Dodging
 17017 | D:14     | Received a gift from Okawaru
 17212 | D:14     | Reached skill level 5 in Shields
 17222 | D:14     | Reached skill level 5 in Armour
 17245 | D:14     | Identified the +5 trident "Luuleben" {drain, rF+}
 17586 | D:14     | Found a runed translucent gate.
 17587 | D:14     | Found a runed translucent gate.
 17587 | D:14     | Found a runed translucent gate.
 18314 | D:14     | Noticed a broodmother
 18314 | D:14     | a satyr changed into a broodmother
 18315 | D:14     | a broodmother changed into a slime creature
 18372 | D:15     | Entered Level 15 of the Dungeon
 18523 | Lair:1   | Entered Level 1 of the Lair of Beasts
 18529 | Lair:1   | Reached XP level 14. HP: 130/130 MP: 16/16
 18569 | Lair:1   | Received a gift from Okawaru
 18744 | Lair:1   | Found an ornate altar of the Wu Jian Council.
 18772 | Lair:1   | Found a shadowy altar of Dithmenos.
 19103 | Lair:1   | Found a runed translucent gate.
 19103 | Lair:1   | Found a runed translucent gate.
 19103 | Lair:1   | Found a runed translucent gate.
 19105 | Lair:1   | Noticed adizb's ghost (journeyman TrFi)
 19384 | Lair:2   | Received a gift from Okawaru
 19806 | Lair:2   | Found a staircase to the Shoals.
 20333 | Lair:3   | Found a staircase to the Snake Pit.
 20414 | Lair:3   | Received a gift from Okawaru
 20418 | Lair:3   | Found a gate leading to a gauntlet.
 20432 | Gauntlet | Entered a Gauntlet
 20432 | Gauntlet | Found a transporter.
 20432 | Gauntlet | Found a transporter.
 20432 | Gauntlet | Found a transporter.
 20433 | Gauntlet | Found a transporter.
 20436 | Gauntlet | Found a transporter.
 20447 | Gauntlet | Found a transporter.
 20453 | Gauntlet | Found a transporter.
 20455 | Gauntlet | Found a transporter.
 20468 | Gauntlet | Found a transporter.
 20489 | Gauntlet | Found a transporter.
 20515 | Gauntlet | Found a transporter.
 20587 | Gauntlet | Found a transporter.
 20734 | Gauntlet | Identified the amulet "Duarumni" {Regen+ Int+2}
 20863 | Abyss:3  | Cast into level 3 of the Abyss (a wizard)
 21009 | Abyss:3  | Noticed a tentacled starspawn
 21027 | Abyss:3  | Killed a tentacled starspawn
 21075 | Abyss:3  | Noticed a bone dragon
 21121 | Abyss:3  | Noticed a starflower
 21557 | Abyss:3  | Reached XP level 15. HP: 113/137 MP: 17/17
 21581 | Abyss:3  | Identified the +2 cloak of Davuatus {rF++ Str+2 Int+3}
                  | (Okawaru gifted it to you on level 3 of the Abyss)
 21581 | Abyss:3  | Received a gift from Okawaru
 22301 | Abyss:3  | Noticed a cacodemon
 22313 | Abyss:3  | Killed a cacodemon
 22314 | Abyss:3  | Reached skill level 10 in Dodging
 22314 | Abyss:3  | Noticed a bone dragon
 22316 | Gauntlet | Escaped the Abyss
 22922 | Lair:3   | Found a large runed translucent door.
 22922 | Lair:3   | Found a large runed translucent door.
 22925 | Lair:3   | Noticed croobank's ghost (journeyman TrFi)
 23404 | Lair:4   | Found a dark tunnel.
 23410 | Volcano  | Entered a volcano
 23586 | Volcano  | Found a radiant altar of Vehumet.
 23695 | Volcano  | Found a burning altar of Makhleb.
 24128 | Lair:4   | Identified the +5 chain mail of Semm {Rampage rC+ Dex-3}
                  | (Okawaru gifted it to you on level 4 of the Lair of Beasts)
 24128 | Lair:4   | Received a gift from Okawaru
 24457 | Lair:5   | Entered Level 5 of the Lair of Beasts
 24524 | Lair:5   | Found a staircase to the Slime Pits.
 24718 | Lair:5   | Reached skill level 15 in Fighting
 25015 | Lair:5   | Reached XP level 16. HP: 142/149 MP: 18/18
 25948 | Lair:5   | Identified the +1 trident "Undertaker" {flame, *Noise rN+
                  | rCorr Str+3 SInv} (Okawaru gifted it to you on level 5 of
                  | the Lair of Beasts)
 25948 | Lair:5   | Received a gift from Okawaru
 26543 | D:15     | Found a broken altar of Ashenzari.
 26868 | D:15     | Found a burning altar of Makhleb.
 27119 | D:15     | Identified the +10 spear of the Three Ziggurats {vamp,
                  | rPois Str+9}
 27120 | D:15     | Found a runed translucent door.
 27190 | D:15     | Noticed Qoasy's ghost (journeyman DsGl)
 27531 | D:15     | Identified the +1 hat of Iqoiddel {rN+++ Str-5 Int-2 Dex+4}
                  | (Okawaru gifted it to you on level 15 of the Dungeon)
 27531 | D:15     | Received a gift from Okawaru
 27545 | D:15     | Found a staircase to the Depths.
 27574 | D:15     | Identified the +1 scale mail of the Cooper {rN+}
 28093 | Snake:1  | Entered Level 1 of the Snake Pit
 29178 | Snake:2  | Found Hyuneaf's Armour Shoppe.
 29186 | Snake:2  | Reached XP level 17. HP: 162/162 MP: 16/19
 29686 | Snake:3  | Identified the amulet of Music {RegenMP Harm rF+}
 29739 | Snake:3  | Found a frozen archway.
 29771 | IceCv    | Entered an ice cave
 29959 | IceCv    | Identified the +0 trident "Kotsext" {vorpal, rElec}
                  | (Okawaru gifted it to you in an ice cave)
 29959 | IceCv    | Received a gift from Okawaru
 31246 | Snake:3  | Received a gift from Okawaru
 31257 | Snake:3  | Reached skill level 15 in Polearms
 31264 | Snake:3  | Noticed Donald
 31292 | Snake:3  | Killed Donald
 31488 | Snake:3  | Noticed Vashnia
 31504 | Snake:3  | Killed Vashnia
 31541 | Snake:3  | Found Lycom's General Store.
 31584 | Snake:3  | Found Wirphucs's Assorted Antiques.
 31592 | Snake:3  | Bought a scroll of blinking for 247 gold pieces
 31683 | Snake:3  | Received a gift from Okawaru
 31800 | Snake:3  | Found Tokhlemm's Tempting Trifles.
 31808 | Snake:3  | Bought a scroll of torment for 152 gold pieces
 32012 | Snake:4  | Entered Level 4 of the Snake Pit
 32691 | Snake:4  | Reached XP level 18. HP: 176/176 MP: 20/20
 32769 | Snake:4  | Identified the +1 pair of gloves of Okawaru, Hammering
                  | {rN+} (Okawaru gifted it to you on level 4 of the Snake
                  | Pit)
 32769 | Snake:4  | Received a gift from Okawaru
 33287 | Snake:4  | Got a serpentine rune of Zot
 33774 | Orc:1    | Entered Level 1 of the Orcish Mines
 33890 | Orc:2    | Entered Level 2 of the Orcish Mines
 33890 | Orc:2    | Found a staircase to the Elven Halls.
 34216 | Orc:2    | Found a radiant altar of Vehumet.
 34754 | Orc:1    | Found Bes Omaa's Assorted Antiques.
 34764 | Orc:1    | Bought a scroll of teleportation for 84 gold pieces
 34764 | Orc:1    | Bought a scroll of identify for 56 gold pieces
 35130 | Orc:2    | Found Beiviw's General Store.
 35131 | Orc:2    | Found Kuheop's Book Boutique.
 35133 | Orc:2    | Found Feqeshim's Antique Armour Shop.
 35133 | Orc:2    | Found Ogooj's Antique Weapon Shop.
 35138 | Orc:2    | Bought a potion of heal wounds for 65 gold pieces
 35199 | Orc:2    | Bought the +3 pair of mountain boots {steadfast, rC+} for
                  | 1072 gold pieces
 35199 | Orc:2    | Found the +3 pair of mountain boots {steadfast, rC+}
 35428 | Shoals:1 | Entered Level 1 of the Shoals
 35523 | Shoals:1 | Found Keicliho's Jewellery Shop.
 35548 | Shoals:1 | Bought the ring "Difyrhet" {Fly rPois rN+ Str+4 Dex+6} for
                  | 742 gold pieces
 35637 | Shoals:1 | Received a gift from Okawaru
 35742 | Shoals:1 | Noticed Mlioglotl
 35761 | Shoals:1 | Killed Mlioglotl
 36014 | Shoals:1 | Noticed Jorgrun
 36033 | Shoals:1 | Killed Jorgrun
 36499 | Shoals:2 | Found a transporter.
 36500 | Shoals:2 | Found the ring of the Tortoise {AC+8}
 36935 | Shoals:2 | Found a transporter.
 36949 | Shoals:2 | Reached XP level 19. HP: 185/185 MP: 21/21
 37059 | Shoals:3 | Noticed Aizul
 37059 | Shoals:3 | Found a runed translucent gate.
 37059 | Shoals:3 | Found a runed translucent gate.
 37059 | Shoals:3 | Found a runed translucent gate.
 37075 | Shoals:2 | Killed Aizul
 37459 | Shoals:3 | Reached skill level 10 in Shields
 37610 | Shoals:3 | Noticed AtomicRavioli's ghost (adept OgFi)
 37610 | Shoals:3 | Noticed Teryn's ghost (journeyman DsAK)
 38258 | Shoals:4 | Entered Level 4 of the Shoals
 38258 | Shoals:4 | Noticed Polyphemus
 38290 | Shoals:3 | Killed Polyphemus
 38494 | Shoals:4 | Identified the +1 helmet of Philately {Int+4} (Okawaru
                  | gifted it to you on level 4 of the Shoals)
 38494 | Shoals:4 | Received a gift from Okawaru
 38720 | Shoals:4 | Identified the +6 morningstar "Xeriwoc" {protect, Str+3
                  | Int+2 Dex+2}
 39045 | Shoals:4 | Got a barnacled rune of Zot
 39562 | Shoals:4 | Identified the ring "Waofac" {rElec MP+9}
 40072 | Elf:1    | Entered Level 1 of the Elven Halls
 40199 | Elf:1    | Paralysed by an air elemental for 1 turns
 40479 | Elf:1    | Received a gift from Okawaru
 40486 | Elf:1    | Identified the +1 leather armour of Avupa {Will+}
 41110 | Elf:2    | Found a runed translucent gate.
 41116 | Elf:2    | Found a runed translucent gate.
 41205 | Elf:2    | Found a runed translucent gate.
 41205 | Elf:2    | Noticed a tentacled monstrosity
 41206 | Elf:2    | Noticed a tentacled monstrosity
 41210 | Elf:2    | Noticed a tentacled monstrosity
 41219 | Elf:2    | Noticed a tentacled monstrosity
 41342 | Elf:2    | Noticed Agnes
 41348 | Elf:2    | Noticed Azrael
 41352 | Elf:2    | Killed Agnes
 41360 | Elf:2    | Reached XP level 20. HP: 189/193 MP: 22/22
 41381 | Elf:2    | Killed Azrael
 41382 | Elf:2    | Noticed Asterion
 41434 | Elf:2    | Killed Asterion
 41693 | Elf:2    | Found a runed translucent gate.
 41693 | Elf:2    | Found a runed translucent gate.
 41705 | Elf:2    | Found a runed translucent gate.
 41912 | Elf:2    | Found a runed translucent gate.
 41912 | Elf:2    | Found a runed translucent gate.
 41922 | Elf:2    | Found a runed translucent gate.
 41923 | Elf:2    | Noticed croobank's ghost (adept DsFE)
 42365 | Elf:2    | Killed croobank's ghost
 42416 | Elf:2    | Identified the +0 pair of gloves of the Saviour {rF- rC+
                  | rCorr Int+4}
 42628 | Elf:2    | Received a gift from Okawaru
 43299 | Elf:3    | Entered Level 3 of the Elven Halls
 43359 | Elf:3    | Found Ilol's Weapon Shop.
 43390 | Elf:3    | Found Vosautoa's Jewellery Emporium.
 43398 | Elf:3    | Bought the ring of Foolhardiness {Wiz rPois Will++} for 828
                  | gold pieces
 43755 | Elf:3    | Found Ziluma's Antique Armour Shoppe.
 43952 | Elf:3    | Reached skill level 5 in Invocations
 44471 | Elf:3    | Identified the +5 scale mail of the Dice {rN+} (Okawaru
                  | gifted it to you on level 3 of the Elven Halls)
 44471 | Elf:3    | Received a gift from Okawaru
 44856 | Elf:3    | Identified the ring of Ronavuat {rF- rC+ MP+9 Dex+3}
 44860 | Elf:3    | Identified the amulet of Psychosis {Reflect rElec rC+ SH+5
                  | SInv}
 45094 | Elf:3    | Noticed a Brimstone Fiend
 45399 | Elf:3    | Found Xitsoasm's Book Shoppe.
 45593 | Elf:3    | Noticed a Tzitzimitl
 45594 | Elf:3    | Reached XP level 21. HP: 201/201 MP: 24/24
 46347 | Elf:3    | Identified the +6 scale mail of Momuloi {rCorr}
 46377 | Elf:3    | Got Payhujuv's Advanced Guide to Rites and Rhymes
 46379 | Elf:3    | Got Quta's Meditations on Dislocation and Combat Magic
 46381 | Elf:3    | Identified the +8 falchion of Darkness {flame, Fly Dex+4}
 46417 | Elf:3    | Identified the ring of Qyeqask {MP+9 Int+2}
 46428 | Elf:3    | Identified the +10 halberd of the Bouncing Wonders {drain,
                  | rPois}
 46433 | Elf:3    | Identified the +8 flail "Killer Klown's Death" {freeze,
                  | Contam +Blink Dex-3 SInv}
 46437 | Elf:3    | Got the Volume of the Hidden Vale
 46716 | Vaults:1 | Entered Level 1 of the Vaults
 47161 | Vaults:1 | Reached skill level 10 in Armour
 47173 | Vaults:1 | Identified the +1 plate armour "Nairghyat" {SInv} (Okawaru
                  | gifted it to you on level 1 of the Vaults)
 47173 | Vaults:1 | Received a gift from Okawaru
 47885 | Vaults:1 | Found a radiant altar of Vehumet.
 48132 | Vaults:2 | Found a staircase to the Crypt.
 48806 | Vaults:2 | Received a gift from Okawaru
 49038 | Vaults:2 | Found Zunolept's Jewellery Shop.
 49056 | Vaults:2 | Reached XP level 22. HP: 192/209 MP: 27/27
 49677 | Vaults:3 | Received a gift from Okawaru
 49734 | Vaults:3 | Identified the +6 short sword of the Pharaoh's Fist {speed,
                  | rC+ Int+4 Stlth+}
 49772 | Vaults:3 | Found a magical portal.
 49781 | WizLab   | Entered Lehudib's Moon Base
 50787 | WizLab   | Received a gift from Okawaru
 51017 | WizLab   | Found a transporter.
 51155 | WizLab   | Identified the +7 mace of the Swamp {protect, rN+}
 51333 | WizLab   | Found a transporter.
 51334 | WizLab   | Identified a scroll of acquirement
 51505 | Arena    | Entered the Arena
 51692 | WizLab   | Identified the +1 pair of gloves "Oleaf" {rF+}
 51866 | Vaults:3 | Received a gift from Okawaru
 52069 | Vaults:3 | Reached skill level 10 in Invocations
 52303 | Vaults:3 | Reached XP level 23. HP: 215/215 MP: 29/29
 53174 | Vaults:4 | Reached skill level 15 in Dodging
 53237 | Vaults:4 | Received a gift from Okawaru
 53383 | Vaults:4 | Noticed Frederick
 53391 | Arena    | Entered the Arena
 53401 | Arena    | Killed Frederick
 53848 | Vaults:4 | Noticed Xtahua
 53866 | Vaults:4 | Killed Xtahua
 54245 | Vaults:4 | Received a gift from Okawaru
 54469 | Vaults:4 | Identified the +6 lajatang of Desperation {vorpal, rElec
                  | rN+ SInv}
 54495 | Vaults:4 | Noticed Saint Roka
 54515 | Vaults:4 | Killed Saint Roka
 54925 | Depths:1 | Entered Level 1 of the Depths
 55337 | Depths:1 | Found a gateway to Hell.
 55821 | Depths:1 | Found an ancient bone altar of Kikubaaqudgha.
 56053 | Depths:1 | Acquired the +2 helmet "Saor Susozi" {rF++ rCorr Str+3
                  | Int-3}
 56139 | Depths:2 | Found Doamnalo's Antique Armour Emporium.
 56167 | Depths:2 | Bought the -2 hat of the Alchemist {rElec rPois rF+ rC+ rN+
                  | Will+ rMut rCorr} for 1935 gold pieces
 56167 | Depths:2 | Found the -2 hat of the Alchemist {rElec rPois rF+ rC+ rN+
                  | Will+ rMut rCorr}
 56191 | Depths:2 | Noticed Grunn
 56195 | Depths:2 | Reached skill level 15 in Armour
 56221 | Depths:2 | Noticed a juggernaut
 56226 | Arena    | Entered the Arena
 56239 | Arena    | Killed a juggernaut
 57092 | Depths:2 | Noticed Bai Suzhen
 57113 | Depths:1 | Killed Bai Suzhen
 57128 | Depths:2 | Reached XP level 24. HP: 184/224 MP: 30/30
 57337 | Depths:1 | Killed Grunn
 57636 | Depths:2 | Received a gift from Okawaru
 57636 | Depths:2 | Found the +18 Lear's hauberk
 58002 | Depths:2 | Identified the +4 mace "Retsosut" {freeze, *Rage rPois rN+}
 58022 | Depths:2 | Found a one-way gate to the infinite horrors of the Abyss.
 58423 | Depths:2 | Found the +8 lance "Wyrmbane" {slay drac, rPois rF+ rC+
                  | AC+3}
 58428 | Depths:2 | Identified the +8 quarterstaff of Rarhiun {vorpal, rN+}
 58868 | Depths:2 | Found a one-way gate leading to the halls of Pandemonium.
 58911 | Depths:3 | Noticed Mara
 58929 | Depths:2 | Killed Mara
 59081 | Depths:3 | Found a corrupted altar of Lugonu.
 59503 | Depths:3 | Found a one-way gateway to a ziggurat.
 59561 | Depths:3 | Found Mareugau's General Store.
 59566 | Depths:3 | Bought a potion of heal wounds for 60 gold pieces
 59566 | Depths:3 | Bought a potion of heal wounds for 60 gold pieces
 59739 | Depths:3 | Found a hide-covered altar of Uskayaw.
 60207 | Depths:3 | Reached skill level 15 in Shields
 60369 | Depths:4 | Entered Level 4 of the Depths
 60444 | Depths:4 | Noticed a juggernaut
 60471 | Depths:4 | Killed a juggernaut
 60471 | Depths:4 | Identified the +7 spear of Trauma {vorpal, *Corrode rPois
                  | SInv Stlth+} (Okawaru gifted it to you on level 4 of the
                  | Depths)
 60471 | Depths:4 | Received a gift from Okawaru
 61193 | Depths:4 | Reached XP level 25. HP: 231/231 MP: 31/31
 61249 | Depths:4 | Received a gift from Okawaru
 61359 | Depths:4 | Found a gate to the Realm of Zot.
 61898 | Vaults:5 | Entered Level 5 of the Vaults
 62264 | Vaults:4 | Identified the +0 robe of the Buccaneer {SInv} (Okawaru
                  | gifted it to you on level 4 of the Vaults)
 62264 | Vaults:4 | Received a gift from Okawaru
 62545 | Vaults:5 | Noticed an ancient lich
 62646 | Vaults:4 | Killed an ancient lich
 62722 | Vaults:5 | Noticed a dread lich
 62738 | Vaults:5 | Killed a dread lich
 63387 | Vaults:5 | Identified the +2 dagger "Usaigi" {freeze, rElec Str+6}
 63406 | Vaults:5 | Got a silver rune of Zot
 63407 | Vaults:5 | Identified the +6 short sword of Tuluo {holy, rF+}
 63460 | Vaults:5 | Identified the +2 plate armour of Okawaru's Favour
                  | {*Corrode rN++ Str+9 Dex-5} (Okawaru gifted it to you on
                  | level 5 of the Vaults)
 63460 | Vaults:5 | Received a gift from Okawaru
 63648 | Vaults:5 | Identified the ring of Lenk {+Blink rF+ SInv}
 63726 | Vaults:5 | Found Jabudo's Distillery.
 63759 | Vaults:5 | Identified the +6 dagger "Goemetaw" {holy, *Corrode rPois
                  | rF+ Dex+4}
 63767 | Vaults:5 | Bought a potion of might for 64 gold pieces
 63767 | Vaults:5 | Bought a potion of haste for 160 gold pieces
 63767 | Vaults:5 | Bought a potion of curing for 48 gold pieces
 63810 | Vaults:5 | Identified the +0 chain mail of the Griffon {rElec rF+++
                  | Regen+ Dex-2}
 63862 | Vaults:5 | Reached XP level 26. HP: 236/244 MP: 31/31
 64568 | Temple   | Fell from the grace of Okawaru
 64568 | Temple   | Became a worshipper of Makhleb the Destroyer
 64637 | D:3      | Killed tmbigdog's ghost
 65009 | D:14     | Found a runed translucent gate.
 65009 | D:14     | Found a runed translucent gate.
 65013 | D:14     | Noticed Wopp's ghost (journeyman GrEE)
 65013 | D:14     | Found a runed translucent gate.
 65064 | D:14     | Killed Wopp's ghost
 65068 | D:14     | Reached * piety under Makhleb
 65081 | D:14     | Identified the +0 hat of Gyzevoru {Str+5}
 65238 | D:15     | Killed Qoasy's ghost
 65458 | Lair:1   | Killed adizb's ghost
 65465 | Lair:1   | Identified the +2 long sword of Vailapp {freeze, Str+3}
 65528 | Lair:3   | Killed croobank's ghost
 65709 | Shoals:2 | Identified the amulet "Coosuth" {rElec Regen+ Dex+4}
 65772 | Shoals:2 | Killed Teryn's ghost
 65786 | Shoals:3 | Killed AtomicRavioli's ghost
 66128 | Crypt:1  | Entered Level 1 of the Crypt
 66336 | Crypt:1  | Identified the ring "Uwnuch Siysi" {Ice +Blink rElec rPois
                  | Str-3}
 66336 | Crypt:1  | Noticed Josephina
 66367 | Crypt:1  | Reached ** piety under Makhleb
 66388 | Crypt:1  | Killed Josephina
 67184 | Crypt:2  | Reached *** piety under Makhleb
 67273 | Crypt:2  | Found a corrupted altar of Lugonu.
 67902 | Crypt:3  | Entered Level 3 of the Crypt
 68324 | Crypt:3  | Reached **** piety under Makhleb
 68347 | Crypt:3  | Found a staircase to the Tomb.
 69586 | Crypt:3  | Found a basalt altar of Yredelemnul.
 69586 | Crypt:3  | Noticed a dread lich
 69606 | Crypt:3  | Killed a dread lich
 69631 | Crypt:3  | Found an ancient bone altar of Kikubaaqudgha.
 69635 | Crypt:3  | Got the Tome of Maleficent Rites
 69655 | Crypt:3  | Acquired a manual of Invocations
 69659 | Crypt:3  | Identified the +10 glaive of Exhibitionism {vorpal, Str+2}
 69705 | Crypt:3  | Identified the amulet "Wihek" {Rampage +Blink rPois Regen+
                  | Dex+2}
 69705 | Crypt:3  | Identified the ring of the Lily {rN+ rCorr Str-2 SInv}
 70167 | Zot:1    | Entered Level 1 of the Realm of Zot
 70167 | Zot:1    | Noticed an ancient lich
 70196 | Depths:4 | Killed an ancient lich
 70516 | Depths:4 | Reached ***** piety under Makhleb
 70951 | Zot:1    | Noticed a juggernaut
 70992 | Zot:1    | Killed a juggernaut
 70993 | Zot:1    | Reached XP level 27. HP: 81/254 MP: 31/31
 74080 | Zot:3    | Noticed Uneer's ghost (legendary GnFE)
 74679 | Zot:3    | Found a runed translucent gate.
 74679 | Zot:3    | Found a runed translucent gate.
 74679 | Zot:3    | Found a runed translucent gate.
 74686 | Zot:3    | Reached ****** piety under Makhleb
 75743 | Zot:4    | Noticed an orb of fire
 75763 | Zot:4    | Found a transporter.
 75764 | Zot:4    | Found a transporter.
 76782 | Zot:5    | Entered Level 5 of the Realm of Zot
 77522 | Zot:5    | Was forgiven by Okawaru
 78501 | Zot:5    | Noticed a dread lich
 78555 | Zot:5    | Killed a dread lich
 79162 | Slime:1  | Entered Level 1 of the Pits of Slime
 79202 | Slime:3  | Noticed Dissolution
 79215 | Slime:2  | Paralysed by a floating eye for 3 turns
 79223 | Slime:2  | Killed Dissolution
 79555 | Slime:4  | Reached skill level 15 in Invocations
 79891 | Slime:5  | Entered Level 5 of the Pits of Slime
 80073 | Slime:5  | Noticed the Royal Jelly
 80518 | Slime:5  | Found a viscous altar of Jiyva.
 80643 | Slime:5  | Killed the Royal Jelly
 80733 | Slime:5  | Got a slimy rune of Zot
 80859 | Slime:5  | Identified the +5 falchion of Temperance {pain, rElec
                  | Dex+4}
 80866 | Slime:5  | Identified the +8 long sword "Zoxt" {vorpal, rElec Dex+6
                  | Stlth-}
 80923 | Slime:5  | Identified the +0 pair of boots of the Crypt {rElec rCorr
                  | Int+5 Stlth-}
 81361 | Depths:2 | Voluntarily entered the Abyss.
 81381 | Abyss:4  | Found a corrupted altar of Lugonu.
 81405 | Abyss:4  | Paralysed by accursed screaming for 2 turns
 81414 | Abyss:5  | Found a corrupted altar of Lugonu.
 81740 | Abyss:5  | Paralysed by accursed screaming for 2 turns
 81933 | Abyss:6  | Noticed a dread lich
 81965 | Abyss:6  | Paralysed by accursed screaming for 2 turns
 82141 | Abyss:6  | Noticed an ancient lich
 82187 | Abyss:6  | Found a hide-covered altar of Uskayaw.
 82187 | Abyss:6  | Paralysed by accursed screaming for 2 turns
 82198 | Abyss:6  | Paralysed by accursed screaming for 2 turns
 82439 | Abyss:6  | Paralysed by accursed screaming for 1 turns
 82516 | Abyss:6  | Paralysed by accursed screaming for 1 turns
 82546 | Abyss:6  | Paralysed by accursed screaming for 2 turns
 82620 | Abyss:7  | Entered Level 7 of the Abyss
 82664 | Abyss:7  | HP: 11/254 [smoke demon/divine providence (14)]
 82667 | Abyss:7  | HP: 3/254 [disintegration (21)]
 82668 | Abyss:7  | Killed from afar by a starcursed mass

Illustrated notes

Levels and vault maps discovered:
D:1:      reono_arrival_mine, layout_basic, hangedman_decor_slide_cut
D:2:      layout_basic, basic_altar, chequers_ecumenical_altar_simple_redux,
          dreamdust_princess_bridge, kennysheep_pointless_box, minmay_3d_cube
D:3:      layout_rooms, nicolae_ru_the_path_less_chosen,
          nicolae_gozag_cash_rules_everything_around_me,
          gammafunk_ghost_necromancy
D:4:      layout_layer_cave, nicolae_yredelemnul_corpse_copse,
          minmay_temple_entry_hall, eino_small_chamber_without_monster,
          mrwooster_statue_mirror, minmay_diced_spiral
D:5:      cheibrodos_barr_body, layout_loops_ring,
          nicolae_overflow_hidden_temple, fedhas_ov_isle_minmay
D:6:      layout_layer_cave, lemuel_tele_altar
D:7:      layout_loops_ring, uniq_joseph
D:8:      layout_rooms, serial_shops, shop, unseen_surprise_small
D:9:      layout_basic, mainiacjoe_overflow_boulevard,
          chequers_serial_rivers_room_a
D:10:     layout_gridville, cheibriados_altar_1, erik_lair_island, st_stairs_6,
          kennysheep_generic_room_2
D:11:     layout_irregular_city, serial_shops, nicolae_shop_crystal
D:12:     layout_small_grid, orc_david_3, uniq_kirke
D:13:     layout_irregular_city, ximxim_vaults_locker_room
D:14:     minmay_the_grid_square_5x5_3x3 [minmay_the_grid_square_5x5_minimal,
          minmay_the_grid_square_5x5_tri_point, minmay_the_grid_square_5x5_bite,
          minmay_the_grid_square_5x5_sharp_hourglass,
          minmay_the_grid_square_5x5_megaprize_hollow,
          minmay_the_grid_square_5x5_shrine2, minmay_the_grid_square_5x5_plus,
          minmay_the_grid_square_5x5_inset,
          minmay_the_grid_square_5x5_one_wall], layout_basic,
          ploomutoo_gammafunk_ghost_potion_laboratory
D:15:     gammafunk_enter_depths_forms, layout_cave_pods, special_room
          [special_room_orc], ebering_ghost_funeral_grove, lemuel_crystal_altar,
          roderic_cross_of_infinity, evilmike_ruin_ashenzari
Temple:   compressed_dpeg_triangle_lava_temple
Lair:1:   wad_woods_stonehenge, layout_chaotic_city, serial_rivers,
          chequers_serial_rivers_micro_a, chequers_serial_rivers_micro_c,
          chequers_serial_rivers_micro_c, chequers_serial_rivers_room_a,
          gammafunk_ghost_hydra_chop, basic_altar, grunt_megastairs_1
Lair:2:   layout_chaotic_city, shoals_dummy_entry, bobbens_dragon_lair_wall
Lair:3:   layout_regular_city, dummy_snake_entry, ebering_ghost_disaster_area,
          gauntlet_entry_generic, grunt_megastairs_4
Lair:4:   layout_cave_pods, nicolae_volcano_entry_hallway, serial_forest,
          infiniplex_forest_clump_tiny, infiniplex_forest_corner_1,
          infiniplex_forest_straight_3, infiniplex_forest_zigzag_1,
          infiniplex_forest_fountain, infiniplex_forest_straight_3,
          infiniplex_forest_lined_1, dreamdust_gnoll_shepherd
Lair:5:   evilmike_catoblepas_cave, layout_gridlike,
          nicolae_slime_entry_slimehenge, hangedman_lair_generics_rect,
          lemuel_fruit_tree
Shoals:1: layout_shoals, minmay_shop_enchanted_jewellery, uniq_jorgrun,
          uniq_mlioglotl
Shoals:2: gammafunk_sealed_arena, layout_shoals, nicolae_shoals_loop_pool
Shoals:3: layout_shoals, gammafunk_ghost_cemetery, uniq_aizul
Shoals:4: shoals_end_hangedman, layout_shoals, uniq_polyphemus
Snake:1:  layout_basic
Snake:2:  layout_onion_interference, serial_shops, nicolae_shop_stone
Snake:3:  layout_onion, serial_shops, nicolae_stop_n_shop_1,
          portal_ice_cave_entry_pillars_four, nicolae_alphabet_shops,
          nicolae_take_the_stairs, uniq_donald, uniq_vashnia
Snake:4:  snake_pit, layout_cave_town, drop_trap
Slime:1:  layout_caves
Slime:2:  cheibrodos_slime_lost_civilization_3, layout_caves
Slime:3:  cheibrodos_slime_lost_civilization_1, layout_caves, dissolution_awaits
Slime:4:  layout_caves
Slime:5
Orc:1:    layout_caves, serial_shops, shop
Orc:2:    st_orc_congregation, layout_diamond_mine, basic_altar
Elf:1:    layout_geoelf_grid, minivault_28
Elf:2:    elven_hall_of_blades_hangedman_original
          [nicolae_blade_entry_pointy_end], layout_geoelf_diagonals,
          ploomutoo_gammafunk_ghost_potion_laboratory, minmay_curled_crystal,
          nicolae_concentric_dashed_squares_mild, uniq_asterion, uniq_azrael,
          uniq_agnes
Elf:3:    minmay_elf_hall_hex, layout_loops_corners, serial_shops,
          nicolae_shop_bloodbath_and_beyond, nicolae_lakefront_shop, shop, shop
Vaults:1: hangedman_vaults_nodes, vaults_mumra_minichess, v_misc_15,
          vaults_room_boxed, grunt_tower_of_power,
          vaults_mumra_minichess_inversion, ontoclasm_vaults_eye,
          v_alt_pattern_6, ontoclasm_vaults_hangar, v_misc_8,
          nicolae_vaults_circle_grid_a, layout_vaults_omnibox
Vaults:2: grunt_vaults_trifunnel, nicolae_vaults_octagons, vaults_dpeg_cross,
          minmay_crypt_entry_simple_corners, ontoclasm_vaults_claustrophobia,
          hangedman_vaults_snaps, nicolae_vaults_inception_scallops,
          nicolae_vaults_little_squares_6, hangedman_vaults_stretched_pinwheel,
          vaults_room_stairs_pillars, ontoclasm_vaults_hangar,
          nicolae_vaults_little_squares_4, nicolae_vaults_border_crossing,
          ontoclasm_vaults_shuriken, layout_vaults_ring, serial_shops,
          nicolae_shop_temple_entry_statues_fountains
Vaults:3: mu_enter_wizlab_5, nicolae_vaults_stairing_the_circle,
          v_alt_pattern_4, nicolae_vaults_yaktaur_gun_rack,
          ontoclasm_vaults_fault, nicolae_vaults_network_s,
          grunt_vaults_hallway_short, v_misc_2, ontoclasm_vaults_idyll,
          vaults_room_octagon, nicolae_vaults_little_squares_1,
          hangedman_vaults_cutoff, vaults_room_stairs_pillars, vaults_dpeg_ring,
          layout_vaults_omnicross
Vaults:4: vaults_room_fancy_cross, ontoclasm_vaults_ring_large,
          nicolae_vaults_diagonal_hallway_6, v_misc_29,
          nicolae_vaults_three_branches, v_pattern_4,
          nicolae_vaults_display_case, v_alt_pattern_4,
          ontoclasm_vaults_gateway, v_misc_18, ontoclasm_vaults_chip, v_misc_18,
          nicolae_vaults_shelves_hall, layout_vaults_big_room, uniq_saint_roka,
          uniq_frederick, uniq_xtahua
Vaults:5
Crypt:1:  layout_catacombs, grunt_crypt_arrival_webbed,
          roderic_lattice_octagonal_star, uniq_josephina
Crypt:2:  layout_rooms, lemuel_hellish_altar
Crypt:3:  lightli_unholy_cathedral, layout_chaotic_city,
          nicolae_tomb_entry_unfolded_pyramid_diagonal, grunt_megastairs_5
Depths:1: layout_gridlike, kiku_gazebo_garden_becter, hell_entry,
          nicolae_tso_carved_into_rock, grunt_megastairs_2, firewood_loft
Depths:2: giant_chief_lemuel, layout_basic, grunt_pan_entry_zigzag,
          chequers_decorated_corner, abyss_entry, hell_entry, serial_shops,
          nicolae_shop_advertising_works [nicolae_subvault_shop_adworks],
          uniq_grunn, uniq_bai_suzhen
Depths:3: mu_elephants_graveyard, layout_cave_pools, enter_ziggurat_f,
          abyss_entry_flame_altar, minivault_11, hangedman_geh_valley,
          serial_shops, kennysheep_little_box, eat_drink_and_be_merry_uskayaw,
          uniq_mara
Depths:4: grunt_zot_entry_gee_three, layout_twisted_cross, hell_entry,
          abyss_entry_glasseish, serial_bayou_pond_e, serial_bayou_shore_a
Zot:1:    ebering_greatest_show_in_zot, layout_gridville
Zot:2:    layout_onion, nicolae_lava_and_water, grunt_megastairs_3
Zot:3:    layout_cellular_growth, gammafunk_ghost_split
Zot:4:    gammafunk_the_bubble [the_bubble_gammafunk_plus_minus],
          layout_gridlike
Zot:5:    layout_basic, st_stairs_12
Abyss:7:  base: Elf:3, evilmike_abyss_exit_12, hangedman_steaming_rock,
          bh_silent_lugonu_exit, evilmike_abyss_rune_ettins, minivault_5,
          evilmike_abyss_exit_plants, base:
Elf:3

Skill      XL: |  1  2  3  4  5  6  7  8  9 10 11 12 13 14 15 16 17 18 19 20 21 22 23 24 25 26 27 |
---------------+----------------------------------------------------------------------------------+-----
Axes           | 3 4 5 6 7 8 9 10 11 | 11.8
Fighting       | 3 4 5 7 8 9 10 12 13 15 17 19 20 21 22 | 22.0
Polearms       | 1 3 5 7 8 10 11 13 15 17 19 20 21 22 | 22.2
Invocations    | 2 4 5 8 10 11 12 22 | 22.4
Armour         | 1 5 8 9 11 13 15 16 17 18 20 | 20.0
Dodging        | 3 6 9 10 11 12 14 16 17 18 19 20 | 20.8
Shields        | 1 5 8 9 11 13 16 | 16.9
Throwing       | |  1.7

Action                   |  1- 3 |  4- 6 |  7- 9 | 10-12 | 13-15 | 16-18 | 19-21 | 22-24 | 25-27 || total
-------------------------+-------+-------+-------+-------+-------+-------+-------+-------+-------++-------
Melee: War axe           |   100 |   216 |    32 |       |       |       |       |       |       ||   348
       Punch             |     1 |     4 |     1 |    12 |       |       |       |     1 |       ||    19
       Spear             |       |       |   202 |   711 |   226 |       |       |    39 |    76 ||  1254
       Demon trident     |       |       |       |       |  1159 |  2205 |  2105 |  2623 |  4915 || 13007
       Scythe            |       |       |       |       |       |       |    12 |    19 |       ||    31
       Lance             |       |       |       |       |       |       |       |    56 |   325 ||   381
Throw: Throwing net      |       |     1 |     3 |       |       |       |       |       |       ||     4
       Javelin           |       |       |       |     7 |       |       |       |       |       ||     7
Invok: Heroism           |       |       |     1 |     7 |    15 |    10 |     7 |     9 |     3 ||    52
       Finesse           |       |       |       |       |     1 |     1 |       |       |       ||     2
       Duel              |       |       |       |       |       |       |       |     3 |       ||     3
       Lesser Servant of |       |       |       |       |       |       |       |       |     1 ||     1
Evoke: Wand              |       |       |     4 |       |       |       |     1 |       |     2 ||     7
  Use: Potion            |     1 |       |       |       |     1 |       |     2 |     2 |    21 ||    27
       Scroll            |       |     4 |     3 |     1 |    15 |    12 |    10 |    13 |    20 ||    78
 Stab: Held in net/web   |       |     1 |       |       |       |       |       |       |       ||     1
       Paralysed         |       |       |     5 |       |       |       |       |       |       ||     5
       Petrified         |       |       |       |       |     4 |       |       |     6 |       ||    10
       Distracted        |       |       |       |       |       |       |       |       |     2 ||     2
Armor: Leather armour    |    27 |       |       |       |       |       |       |       |       ||    27
       Ring mail         |    13 |    93 |    46 |    10 |       |       |       |       |       ||   162
       Crystal plate arm |       |       |       |   261 |   692 |   677 |   718 |  1023 |  2579 ||  5950
       Chain mail        |       |       |       |       |       |   110 |       |       |       ||   110
Dodge: Dodged            |    83 |   147 |    82 |    58 |   247 |   366 |   374 |   751 |  1851 ||  3959
Block: Other             |       |       |       |    11 |       |       |     2 |     3 |       ||    16
       Buckler           |       |       |       |     9 |   445 |   426 |       |       |       ||   880
       Reflection        |       |       |       |     1 |    15 |   106 |    65 |    68 |    91 ||   346
       Kite shield       |       |       |       |       |       |   312 |  1076 |  1746 |  3963 ||  7097
